 Dungeon Crawl Stone Soup version 0.29.0-11-gd7f09526c8 (webtiles) character file.

Game seed: 2866099893044730861

44 pacmanke6689 the Stinger (level 3, -1/24 HPs)
             Began as a Demonspawn Venom Mage on Sept 4, 2022.
             Slain by Ijyb
             ... wielding a +0 dagger
              (6 damage)
             ... on level 3 of the Dungeon.
             The game lasted 00:08:40 (2491 turns).

pacmanke6689 the Stinger (Demonspawn Venom Mage)    Turns: 2491, Time: 00:08:41

Health: -1/24      AC:  3    Str:  8    XL:     3   Next: 39%
Magic:  7/7        EV: 12    Int: 18    God:
Gold:   92         SH:  0    Dex: 13    Spells: 4/7 levels left

rFire   . . .      SeeInvis .   (no weapon)
rCold   . . .      Faith    .   (no shield)
rNeg    . . .      Spirit   .   a - +0 robe
rPois   .          Reflect  .   (no helmet)
rElec   .          Harm     .   (no cloak)
rCorr   .          Rampage  .   (no gloves)
Will    .....                   g - +0 pair of boots
Stlth   ++........              (no amulet)
HPRegen 0.08/turn               c - ring of wizardry
MPRegen 0.10/turn               (no ring)

@: attractive, flying
A: sturdy frame 2
a: no special abilities


You were on level 3 of the Dungeon.
You visited 1 branch of the dungeon, and saw 3 of its levels.

You collected 144 gold pieces.
You spent 52 gold pieces at shops.

Inventory:

Armour
 a - a +0 robe (worn)
 g - a +0 pair of boots (worn)
Jewellery
 c - a ring of wizardry (left hand)
 m - a ring of protection from cold
 n - a ring of positive energy
Scrolls
 e - 3 scrolls of teleportation {unknown}
 h - 2 scrolls of enchant armour {unknown}
 k - a scroll of noise {unknown}
 l - a scroll of enchant weapon {unknown}
 o - a scroll of poison {unknown}
Potions
 f - a potion of berserk rage
 i - a potion of resistance
 p - a potion of attraction


   Skills:
 + Level 1.9 Dodging
 + Level 2.1 Stealth
 + Level 2.7 Spellcasting
 + Level 1.2 Transmutations
 + Level 3.4 Poison Magic


You had 4 spell levels left.
You knew the following spells:

 Your Spells              Type           Power      Damage    Failure   Level
a - Sting                 Tmut/Pois      40%        1d5       2%          1
b - Poisonous Vapours     Pois/Air       16%        N/A       5%          2

Your spell library contained the following spells:

 Spells                   Type           Power      Damage    Failure   Level
 Mephitic Cloud           Conj/Pois/Air  6%         N/A       12%         3
 Olgreb's Toxic Radiance  Pois           14%        N/A       16%         4


Dungeon Overview and Level Annotations

Branches:
Dungeon (3/15)

Altars:

Shops:
D:1 ?

Annotations:
D:3 Ijyb


Innate Abilities, Weirdness & Mutations

Your movements are less encumbered by armour. (ER -4)


Message History

Press: ? - help, Dir - move target, f/p - Ijyb
Aim: Ijyb, wielding a +0 dagger, wearing a +0 ring mail and carrying a wand of flame (15) (lightly wounded, poisoned) Poisonous vapours surround Ijyb!
Ijyb looks even sicker.
Casting: Poisonous Vapours (safe; 5% risk of failure)
Confirm with . or Enter, or press ? or * to list all spells.
Aiming: Poisonous Vapours (safe; 5% risk of failure)
Press: ? - help, Dir - move target, f/p - Ijyb
Aim: Ijyb, wielding a +0 dagger, wearing a +0 ring mail and carrying a wand of flame (15) (lightly wounded, very poisoned) Poisonous vapours surround Ijyb!
Ijyb looks even sicker.
Ijyb drinks a potion.
Ijyb goes berserk!
Casting: Poisonous Vapours (safe; 5% risk of failure)
Confirm with . or Enter, or press ? or * to list all spells.
Aiming: Sting (safe; 2% risk of failure)
Press: ? - help, Shift-Dir - straight line, f/p - Ijyb
Aim: Ijyb, wielding a +0 dagger, wearing a +0 ring mail and carrying a wand of flame (15) (lightly wounded, berserk, very poisoned, 68% to hit)
The sting hits Ijyb.
Ijyb looks as sick as possible!
Ijyb is lightly wounded.
Ijyb hits you with a +0 dagger! Ijyb attacks as you move away!
Ijyb barely misses you. Ijyb hits you with a +0 dagger.
* * * LOW HITPOINT WARNING * * *
You feel better. Ijyb hits you with a +0 dagger.
* * * LOW HITPOINT WARNING * * *
It was a potion of flight.
You feel very buoyant.
You fly up into the air.
Ijyb closely misses you. Ijyb hits you with a +0 dagger.
* * * LOW HITPOINT WARNING * * *
It was a potion of attraction.
You feel attractive to monsters. Ijyb closely misses you.
You hit Ijyb but do no damage.
Ijyb is heavily wounded.
Ijyb hits you but does no damage. Ijyb closely misses you.
You hit Ijyb but do no damage.
Ijyb is heavily wounded.
Ijyb hits you with a +0 dagger.
* * * LOW HITPOINT WARNING * * *
Magic courses through your body. Ijyb hits you with a +0 dagger.
You die...

#......)..#
#....####.# #....#
##.### #..####
##....#########
####†....#...##
##.........#####
#........@.....#
#........g.....#
#..............###.
##.................
##...#....$....###
########.........
#.........
##.#..#### ....##


You could see Ijyb (berserk, very poisoned).

Vanquished Creatures
  An adder (D:2)
  3 bats
  2 endoplasms (D:1)
  3 giant cockroaches
  5 goblins
  2 hobgoblins
  2 jackals (D:1)
  A kobold (D:2)
  3 quokkas
  3 ball pythons
  3 frilled lizards (D:1)
  2 rats (D:1)
30 creatures vanquished.

Vanquished Creatures (others)
  9 plants (D:1)
9 creatures vanquished.

Grand Total: 39 creatures vanquished

Notes
Turn   | Place    | Note
-------+----------+-------------------------------------------
     0 | D:1      | pacmanke6689 the Demonspawn Venom Mage began the quest for
                  | the Orb.
     0 | D:1      | Reached XP level 1. HP: 13/13 MP: 3/3
   303 | D:1      | Gained mutation: Your movements are slightly less
                  | encumbered by armour. (ER -2) [demonic ancestry]
   303 | D:1      | Reached XP level 2. HP: 19/19 MP: 0/5
   412 | D:1      | Found a faded altar of an unknown god.
   751 | D:1      | Found Guirayck's Magic Scroll Emporium.
   761 | D:1      | Reached skill level 1 in Transmutations
   771 | D:1      | Bought a scroll of identify for 26 gold pieces
   771 | D:1      | Bought a scroll of identify for 26 gold pieces
   804 | D:1      | Learned a level 2 spell: Poisonous Vapours
  1326 | D:2      | Gained mutation: Your movements are less encumbered by
                  | armour. (ER -4) [demonic ancestry]
  1326 | D:2      | Reached XP level 3. HP: 24/24 MP: 3/6
  2477 | D:3      | Noticed Ijyb
  2491 | D:3      | Slain by Ijyb

Illustrated notes

Levels and vault maps discovered:
D:1:      spicycebolla_arrival_xxxplode, layout_rooms, serial_shops,
          shop_scrolls, shapermc_ecumenical_altar_mp_highgroup,
          serial_bayou_lagoon_a
D:2:      layout_basic
D:3:      layout_rooms, mainiacjoe_overflow_24_doors, serial_shops,
          nicolae_shop_advertising_works [nicolae_subvault_shop_adworks],
          uniq_grinder, uniq_ijyb

Skill      XL: |  1  2 |
---------------+-------+-----
Stealth        | 2 |  2.1
Transmutations | 1 |  1.2
Dodging        | |  1.9
Spellcasting   | |  2.7
Poison Magic   | |  3.4

Action                   || total
-------------------------++-------
Melee: Unarmed           ||    22
 Cast: Sting             ||    28
       Poisonous Vapours ||    21
  Use: Scroll            ||     3
       Potion            ||     4
Armor: Robe              ||    16
Dodge: Dodged            ||    38
